 Dungeon Crawl Stone Soup version 0.27-a0-412-g8dd771e (webtiles) character file.

Game seed: 13918129527790534886

97 MrTaco21 the Cudgeller (level 4, -3/28 HPs)
             Began as a Gargoyle Fighter on Feb 23, 2021.
             Killed from afar by an orc wizard (8 damage)
             ... with a puff of flame
             ... on level 3 of the Dungeon.
             The game lasted 00:02:45 (1937 turns).

MrTaco21 the Cudgeller (Gargoyle Fighter)           Turns: 1937, Time: 00:02:45

Health: -3/28      AC: 10    Str: 21    XL:     4   Next: 68%
Magic:  4/4        EV:  7    Int:  8    God:
Gold:   157        SH:  9    Dex:  9    Spells: 3/3 levels left

rFire    . . .     SeeInvis .   a - +0 flail
rCold    . . .     Faith    .   c - +0 kite shield
rNeg     + . .     Spirit   .   b - +0 scale mail
rPois    ∞         Reflect  .   (no helmet)
rElec    +         Harm     .   (no cloak)
rCorr    .         Rampage  .   (no gloves)
Will     .....                  (no boots)
Stlth    ..........             (no amulet)
HPRegen  0.09/turn              (no ring)
MPRegen  0.09/turn              (no ring)

@: no status effects
A: negative energy resistance 1, electricity resistance, unbreathing,
petrification resistance, miasma immunity, AC +3
a: no special abilities


You were on level 3 of the Dungeon.
You visited 1 branch of the dungeon, and saw 3 of its levels.

You collected 157 gold pieces.

Inventory:

Hand Weapons
 a - a +0 flail (weapon)
Armour
 b - a +0 scale mail (worn)
 c - a +0 kite shield (worn)
Scrolls
 e - a scroll of immolation {unknown}
 f - 2 scrolls of teleportation {unknown}
 g - 2 scrolls of identify {unknown}
 h - a scroll of fog {unknown}
 i - a scroll of noise {unknown}
 j - a scroll of blinking {unknown}
 l - 2 scrolls of amnesia {unknown}
 m - a scroll of random uselessness {unknown}
Potions
 d - a potion of might
 k - a potion of flight {unknown}
 n - a potion of curing {unknown}
 o - 2 potions of heal wounds {unknown}


   Skills:
 - Level 3.2 Fighting
 + Level 4.7 Maces & Flails
 - Level 3.2 Armour
 - Level 3.2 Shields


You had 3 spell levels left.
You didn't know any spells.
Your spell library was empty.

Dungeon Overview and Level Annotations

Branches:
Dungeon (3/15)

Altars:
Ashenzari
Dithmenos
Kikubaaqudgha
Wu Jian
Yredelemnul


Innate Abilities, Weirdness & Mutations

You are resistant to torment.
Your stone body is resilient. (AC +3)
You are immune to poison.
You resist negative energy. (rN+)
You are resistant to electric shocks. (rElec)
You can survive without breathing.
You are immune to petrification.
You are immune to miasma.


Message History

The magic dart hits you.
* * * LOW HITPOINT WARNING * * *
The orc is engulfed in a cloud of scalding steam.
The orc dies!
You hear a splash. x2
The ball python bites you but does no damage.
The ball python grabs you. The ball python constricts you.
Something hits you but does no damage.
You escape the ball python's grasp.
You enter the shallow water.
Moving in this stuff is going to be slow.
The ball python completely misses you. You block the ball python's attack.
The orc closely misses you. You block the ball python's attack.
The ball python grabs you. The ball python constricts you.
Items here: )) [ ††.
You escape the ball python's grasp.
The orc hits you.
* * * LOW HITPOINT WARNING * * *
The ball python bites you but does no damage.
The ball python grabs you.
* * * LOW HITPOINT WARNING * * *
The ball python constricts you.
The ball python's grasp on you weakens, but your attempt to escape fails.
The orc hits you but does no damage.
The ball python bites you but does no damage.
The ball python constricts you.
Unknown command.
You escape the ball python's grasp.
You block the ball python's attack. The ball python grabs you.
* * * LOW HITPOINT WARNING * * *
The ball python constricts you.
You closely miss the ball python.
The ball python bites you but does no damage.
The ball python constricts you.
You sock the ball python!
You kill the ball python!
Unknown command.
You barely miss something. Something hits you but does no damage.
You miss something. Something hits you but does no damage.
Unknown command.
You miss something.
An orc wizard appears from thin air!
Reactivating autopickup.
The orc wizard hits you but does no damage.
The orc wizard casts a spell at you. The puff of flame hits you.
* * * LOW HITPOINT WARNING * * *
You thump the orc wizard!
The orc wizard gestures at you while chanting.
The puff of flame hits you!
You die...

#.# #.# #.# ###.#
....# #####
########.# #.oo@....#
#.o####..# #..# #
#### #.o# ...# #..#
##.# #..# # #.#
#..#.##.. ##.#####
####........
#......###o≈..≈≈≈≈..#


You could see an orc wizard and 2 orcs.

Vanquished Creatures
  4 adders
  2 dart slugs
  6 leopard geckos
  An orc (D:3)
  3 giant cockroaches
  5 goblins
  2 hobgoblins
  2 jackals (D:2)
  A quokka (D:3)
  A ball python (D:3)
  12 bats
  8 kobolds
  6 rats
53 creatures vanquished.

Vanquished Creatures (others)
  An orc (D:3)
1 creature vanquished.

Grand Total: 54 creatures vanquished

Notes
Turn   | Place    | Note
-------+----------+-------------------------------------------
     0 | D:1      | MrTaco21 the Gargoyle Fighter began the quest for the Orb.
     0 | D:1      | Reached XP level 1. HP: 14/14 MP: 1/1
   108 | D:1      | Reached XP level 2. HP: 10/19 MP: 2/2
   331 | D:1      | Reached skill level 3 in Maces & Flails
   875 | D:2      | Reached XP level 3. HP: 23/23 MP: 3/3
   928 | D:2      | Reached skill level 4 in Maces & Flails
  1078 | D:2      | Reached XP level 4. HP: 28/28 MP: 4/4
  1180 | D:2      | Found a broken altar of Ashenzari.
  1438 | D:2      | Found an ancient bone altar of Kikubaaqudgha.
  1440 | D:2      | Found a basalt altar of Yredelemnul.
  1442 | D:2      | Found a shadowy altar of Dithmenos.
  1443 | D:2      | Found an ornate altar of the Wu Jian Council.
  1937 | D:3      | Killed from afar by an orc wizard

Illustrated notes

Levels and vault maps discovered:
D:1:      dpeg_arrival_arbitrary_a, layout_rooms,
          amcnicky_mini_corridor_feature, minmay_crystal_water,
          minmay_misc_feat_ornament
D:2:      layout_rooms, general_overflow_altar, minitemple
D:3:      layout_loops_corners, chequers_serial_rivers_marsh,
          minmay_divided_ellipse

Skill      XL: |  1  2  3 |
---------------+----------+-----
Maces & Flails | 3 4 |  4.7
Fighting       | |  3.2
Armour         | |  3.2
Shields        | |  3.2

Action                   |  1- 3 |  4- 6 || total
-------------------------+-------+-------++-------
Melee: Flail             |   138 |    70 ||   208
Armor: Scale mail        |   117 |    54 ||   171
Dodge: Dodged            |    76 |    23 ||    99
Block: Kite shield       |   112 |    46 ||   158

Table legend: (Time is in decaauts)
 A = Elapsed time spent in this place.
 B = Non-inter-level travel time spent in this place.
 C = Inter-level travel time spent in this place.
 D = Time resting spent in this place.
 E = Time spent auto-exploring this place.
 F = Levels seen in this place.
 G = Mean time per level.
                   A        B        C        D        E       F      G
               +--------+--------+--------+--------+--------+-----+--------+
         Total |   2033 |   1984 |     49 |    216 |   1293 |   3 |  677.7 |
       Dungeon |   2033 |   1984 |     49 |    216 |   1293 |   3 |  677.7 |
               +--------+--------+--------+--------+--------+-----+--------+

Top non-repeatable levels by time:
     D:1: 887 daAuts
     D:2: 751 daAuts
     D:3: 395 daAuts
